 Dungeon Crawl Stone Soup version 0.24-a0-312-g16217b4 (webtiles) character file.

Game seed: 11430709194826933353

99 mhoghedin the Chiller (level 4, 0/30 HPs)
             Began as a Barachi Ice Elementalist on May 16, 2019.
             Slain by a centaur
             ... wielding an uncursed staff of cold
              (5 damage)
             ... on level 3 of the Dungeon.
             The game lasted 00:03:53 (2499 turns).

mhoghedin the Chiller (Barachi Ice Elementalist)    Turns: 2499, Time: 00:03:55

Health: 0/30       AC:  2    Str:  9    XL:     4   Next: 72%
Magic:  7/7        EV: 12    Int: 16    God:
Gold:   130        SH:  0    Dex: 13    Spells: 6/7 levels left

rFire    . . .     SeeInvis .   h - +0 spear
rCold    . . .     Gourm    .   (no shield)
rNeg     . . .     Faith    .   a - +0 robe
rPois    .         Spirit   .   (no helmet)
rElec    .         Reflect  .   (no cloak)
rCorr    .         Harm     .   (no gloves)
MR       .....                  (no boots)
Stlth    ++........             (no amulet)
HPRegen  0.10/turn              (no ring)
MPRegen  0.10/turn              (no ring)

@: slow
A: +LOS, swims, slowness 1, strong legs 1
a: Hop


You were on level 3 of the Dungeon.
You were hungry.

You visited 1 branch of the dungeon, and saw 3 of its levels.

You collected 130 gold pieces.

Inventory:

Hand Weapons
 h - a +0 spear (weapon)
   (You found it on level 1 of the Dungeon)
Missiles
 d - 6 poisoned darts (quivered)
Armour
 a - a +0 robe (worn)
Scrolls
 g - 3 scrolls of remove curse {unknown}
 k - a scroll of identify {unknown}
 m - a scroll of enchant weapon {unknown}
Potions
 b - 2 potions of berserk rage {unknown}
 e - a potion of brilliance {unknown}
 f - 2 potions of degeneration {unknown}
 i - a potion of agility {unknown}
 j - a potion of haste {unknown}
 l - a potion of curing {unknown}
Comestibles
 c - 2 rations


   Skills:
 + Level 3.0 Polearms
 - Level 2.1 Dodging
 - Level 1.7 Stealth
 - Level 2.1 Spellcasting
   Level 1.1 Conjurations
 - Level 5.1 Ice Magic


You had 6 spell levels left.
You knew the following spells:

 Your Spells              Type           Power        Failure   Level  Hunger
a - Freeze                Ice            ###.         2%          1    #......

Your spell library contained the following spells:

 Spells                   Type           Power        Failure   Level  Hunger
 Throw Frost              Conj/Ice       ##....       9%          2    ###....
 Ozocubu's Armour         Chrm/Ice       #.......     22%         3    ###....
 Throw Icicle             Conj/Ice       ##......     50%         4    #####..
 Summon Ice Beast         Ice/Summ       #.......     56%         4    #####..


Dungeon Overview and Level Annotations

Branches:
Dungeon (3/15)

Altars:
Gozag

Annotations:
D:2 exclusion: Terence, Terence


Innate Abilities, Weirdness & Mutations

Shadows flee at your approach. (+LOS)
You can swim through water.
You cover ground slowly.
You can hop short distances.


Message History

You throw a poisoned dart. The poisoned dart hits the worker ant.
The worker ant is poisoned.
You are feeling very hungry.
The worker ant bites you!
You are poisoned.
The worker ant poisons you!
You take 7 damage, and have 21/30 hp.
MASSIVE DAMAGE!!
Throwing (i - inventory)
d - 5 poisoned darts (quivered)
Aim: a worker ant (lightly wounded, poisoned)
You throw a poisoned dart. The poisoned dart hits the worker ant.
The worker ant looks even sicker.
You feel sick.
The worker ant bites you but does no damage.
You take 1 damage, and have 20/30 hp.
You hit the worker ant.
You feel sick.
You kill the worker ant!
You take 1 damage, and have 19/30 hp.
d - 6 poisoned darts (gained 2)
You see here a worker ant corpse.
You feel sick.
You take 1 damage, and have 18/30 hp.
You feel sick.
You take 1 damage, and have 17/30 hp.
You start resting.
You feel sick. x6
You are no longer poisoned.
You take 4 damage, and have 13/30 hp.
You start resting.
You are near starving!
You regained 15 hp, and now have 28/30 hp.
You butcher the worker ant corpse.
n - a chunk of flesh {@w0} Eating a chunk of flesh {@w0}.
You eat the chunk of flesh {@w0}.
You are feeling hungry.
d - 9 poisoned darts (gained 3)
A bat comes into view.
You see here a poisoned dart.
A bat is nearby!
The bat hits you but does no damage.
You miss the bat. The bat hits you.
You take 1 damage, and have 28/30 hp.
Attack whom?
Aim: a bat You reach to attack!
You hit the bat. The bat misses you.
Attack whom?
Aim: a bat (moderately wounded)
You reach to attack!
You hit the bat.
You kill the bat!
Your Polearms skill increases to level 3!
No target in view!
No target in view!
No target in view!
No target in view!
No target in view!
No target in view!
No target in view!
No target in view!
No target in view!
No target in view!
No target in view!
d - 10 poisoned darts (gained 1)
A gnoll comes into view. It is wielding a +0 club.
A gnoll is nearby!
The gnoll shouts!
You hear a shout! x2
Attack whom?
Aim: a gnoll, wielding a +0 club You reach to attack!
You hit the gnoll.
Throwing (i - inventory)
d - 10 poisoned darts (quivered)
Aim: a gnoll, wielding a +0 club (lightly wounded)
You throw a poisoned dart. The poisoned dart hits the gnoll.
The gnoll is poisoned.
The gnoll hits you with a +0 club!
You take 8 damage, and have 21/30 hp.
MASSIVE DAMAGE!!
Throwing (i - inventory)
d - 9 poisoned darts (quivered)
Aim: a gnoll, wielding a +0 club (lightly wounded, poisoned)
You throw a poisoned dart. The poisoned dart hits the gnoll.
The gnoll hits you but does no damage.
A centaur comes into view. It is wielding a staff of cold.
Unknown command.
Throwing (i - inventory)
d - 8 poisoned darts (quivered)
Aim: a centaur, wielding a staff of cold You throw a poisoned dart.
The poisoned dart hits the centaur.
The centaur is poisoned.
The centaur wields a +0 shortbow.
The centaur shoots an arrow.
The arrow misses you. The gnoll hits you but does no damage.
An orc comes into view.
Throwing (i - inventory)
d - 7 poisoned darts (quivered)
Aim: a centaur, wielding a +0 shortbow (lightly wounded, poisoned)
You throw a poisoned dart.
The poisoned dart closely misses the centaur.
The centaur shoots an arrow.
The arrow hits you. The gnoll hits you with a +0 club.
You take 9 damage, and have 13/30 hp.
MASSIVE DAMAGE!!
The centaur unwields a +0 shortbow.
The centaur wields an uncursed staff of cold.
The centaur hits you with an uncursed staff of cold!
* * * LOW HITPOINT WARNING * * *
The centaur hits you with an uncursed staff of cold.
You die...

#...#
#####........>.#
#...# ###..........##
##### #..............
.
..##.##.#####..###..
.......(....##.....##
...###...##......#.
#.# #.#.###.#†#+#.# #
#..c###.......#
.###@.........# #.
#g#..##....# .#
#((...+....# .#
o###.## ..## #. #...
.# .. #..## ## .##
...# # ..## .#


You could see a centaur, a gnoll and an orc.

Vanquished Creatures
  A worker ant (D:3)
  2 adders (D:3)
  2 dart slugs (D:1)
  2 ball pythons
  5 giant cockroaches
  5 goblins
  5 hobgoblins
  2 quokkas (D:2)
  10 bats
  6 kobolds
  13 rats
53 creatures vanquished.

Notes
Turn   | Place    | Note
-------+----------+-------------------------------------------
     0 | D:1      | mhoghedin the Barachi Ice Elementalist began the quest for
                  | the Orb.
     0 | D:1      | Reached XP level 1. HP: 13/13 MP: 3/3
   149 | D:1      | Reached skill level 4 in Ice Magic
   153 | D:1      | HP: 1/13 [hobgoblin (3)]
   236 | D:1      | HP: 1/13 [kobold/+0 club (4)]
   627 | D:1      | Reached XP level 2. HP: 19/19 MP: 5/5
  1025 | D:1      | Reached skill level 5 in Ice Magic
  1025 | D:1      | Reached XP level 3. HP: 24/24 MP: 6/6
  1293 | D:2      | Reached skill level 1 in Polearms
  1306 | D:2      | Noticed Terence
  1407 | D:2      | Found an opulent altar of Gozag.
  2012 | D:3      | Reached skill level 2 in Polearms
  2012 | D:3      | Reached XP level 4. HP: 19/30 MP: 4/7
  2487 | D:3      | Reached skill level 3 in Polearms
  2496 | D:3      | Noticed a centaur
  2499 | D:3      | HP: 5/30 [centaur/uncursed staff of cold (8)]
  2499 | D:3      | Slain by a centaur

Levels and vault maps discovered:
D:1:      ebering_hopf_link, layout_loops_ring
D:2:      layout_rooms, grunt_gozag_breadcrumbs, first_ration, uniq_terence
D:3:      minmay_evil_eye, layout_basic, minmay_starry_boxes, uniq_natasha

Skill      XL: |  1  2  3  4 |
---------------+-------------+-----
Ice Magic      | 4 5 |  5.1
Polearms       | 2 3 |  3.0
Dodging        | |  2.1
Stealth        | |  1.7
Spellcasting   | |  2.1
Conjurations   | |  1.1

Action                   |  1- 3 |  4- 6 || total
-------------------------+-------+-------++-------
Melee: Club              |    16 |       ||    16
       Unarmed           |     1 |       ||     1
       Spear             |    68 |    27 ||    95
Throw: Dart              |    59 |    18 ||    77
 Cast: Freeze            |    16 |     6 ||    22
 Stab: Sleeping          |     3 |       ||     3
  Eat: Ration            |     1 |       ||     1
       Chunk             |       |     2 ||     2
Armor: Robe              |    26 |     9 ||    35
Dodge: Dodged            |    61 |    32 ||    93

Table legend:
 A = Non-vault XP
 B = Vault XP
 C = Vault XP percentage of total XP
 D = Non-vault monster count
 E = Vault monster count
 F = Vault count percentage of total count
                 A         B        C        D         E       F
            +---------+---------+-------+---------+---------+-------
      Total |     110 |      32 |  22.5 |      47 |       6 |  11.3
            +---------+---------+-------+---------+---------+-------
        D:1 |      39 |       0 |   0.0 |      23 |       0 |   0.0
        D:2 |      21 |       0 |   0.0 |      14 |       0 |   0.0
        D:3 |      50 |      32 |  39.0 |      10 |       6 |  37.5
            +---------+---------+-------+---------+---------+-------

Levels and vault maps discovered:
D:1:      ebering_hopf_link, layout_loops_ring
D:2:      layout_rooms, grunt_gozag_breadcrumbs, first_ration, uniq_terence
D:3:      minmay_evil_eye, layout_basic, minmay_starry_boxes, uniq_natasha

Table legend:
 A = Turns spent in this place as a percentage of turns spent in the entire game.
 B = Non-inter-level travel turns spent in this place as a percentage of non-inter-level travel turns spent in the entire game.
 C = Inter-level travel turns spent in this place as a percentage of turns spent in this place.
 D = Turns resting spent in this place as a percentage of non-inter-level travel turns spent in this place.
 E = Turns spent auto-exploring this place as a percentage of non-inter-level travel turns spent in this place.
 F = Non-inter-level travel turns spent in this place divided by the number of levels of this place that you've seen.
                   A       B       C       D       E      F
               +-------+-------+-------+-------+-------+----------------------
         Total | 100.0 | 100.0 |   2.0 |  39.7 |  43.3 | 816.3
       Dungeon | 100.0 | 100.0 |   2.0 |  39.7 |  43.3 | 816.3
               +-------+-------+-------+-------+-------+----------------------

Table legend:
 A = Kills in this place as a percentage of kills in entire the game.
 B = Kills by you in this place as a percentage of kills by you in the entire game.
 C = Kills by friends in this place as a percentage of kills by friends in the entire game.
 D = Other kills in this place as a percentage of other kills in the entire game.
 E = Experience gained in this place as a percentage of experience gained in the entire game.
 F = Experience gained in this place divided by the number of levels of this place that you have seen.
                   A       B       C       D       E      F
               +-------+-------+-------+-------+-------+----------------------
         Total | 100.0 | 100.0 |   N/A |   N/A | 100.0 |  47.3
       Dungeon | 100.0 | 100.0 |   N/A |   N/A | 100.0 |  47.3
               +-------+-------+-------+-------+-------+----------------------
